 Dungeon Crawl Stone Soup version 0.30-a0-135-g630cfc4551 (webtiles) character file.

Game seed: 5838775941504426782

165 IdlyInterested the Trooper (level 5, 0/42 HPs)
             Began as a Demonspawn Wanderer on Sept 20, 2022.
             Slain by a water moccasin (1 damage)
             ... on level 3 of the Dungeon.
             The game lasted 00:07:23 (2581 turns).

IdlyInterested the Trooper (Demonspawn Wanderer)    Turns: 2581, Time: 00:07:24

Health: 0/42       AC:  5    Str: 10 (13) XL:     5   Next: 21%
Magic:  5/5        EV: 14    Int: 12 (13) God:
Gold:   71         SH:  0    Dex: 12 (14) Spells: 4/4 levels left

rFire   . . .      SeeInvis .    o - +1 hand axe (flame)
rCold   . . .      Faith    .    (no shield)
rNeg    . . .      Spirit   .    n - +0 ring mail
rPois   .          Reflect  .    (no helmet)
rElec   .          Harm     .    (no cloak)
rCorr   .          Rampage  .    (no gloves)
Will    .....                    (no boots)
Stlth   +.........               j - amulet of regeneration
HPRegen 0.94/turn                i - +4 ring of evasion
MPRegen 0.09/turn                (no ring)

@: lethally poisoned (0 -> 0)
A: powered by pain 1
a: no special abilities


You were on level 3 of the Dungeon.
You visited 1 branch of the dungeon, and saw 3 of its levels.

You collected 71 gold pieces.

Inventory:

Hand Weapons
 a - a +3 short sword
 b - a +0 hand axe
 o - a +1 hand axe of flaming (weapon)
 q - a +0 hand axe
Missiles
 r - 2 poisoned darts (quivered)
Armour
 e - a +1 leather armour
 n - a +0 ring mail (worn)
Jewellery
 i - a +4 ring of evasion (left hand)
 j - an amulet of regeneration (around neck)
Wands
 c - a wand of polymorph (3)
Scrolls
 g - a scroll of fear {unknown}
 k - a scroll of enchant weapon
Potions
 d - 4 potions of lignification
 f - a potion of cancellation
 h - a potion of resistance


   Skills:
 * Level 3.9 Fighting
 - Level 2.6 Short Blades
 - Level 2.6 Axes
 - Level 1.0 Throwing
 - Level 1.0 Armour
 + Level 1.8 Dodging
 - Level 1.0 Stealth
 - Level 3.0 Evocations


You had 4 spell levels left.
You didn't know any spells.
Your spell library contained the following spells:

 Spells                   Type           Power      Damage    Failure   Level
 Summon Small Mammal      Summ           0%         N/A       63%         1
 Sublimation of Blood     Necr           0%         N/A       77%         2
 Call Canine Familiar     Summ           0%         N/A       94%         3
 Summon Guardian Golem    Hex/Summ       0%         N/A       94%         3
 Petrify                  Tmut/Erth      0%         N/A       100%        4
 Irradiate                Conj/Tmut      0%         3d11      100%        5


Dungeon Overview and Level Annotations

Branches:
Dungeon (3/15)

Altars:
Hepliaklqana


Innate Abilities, Weirdness & Mutations

You sometimes gain a little power by taking damage.


Message History

You barely miss the water moccasin.
The water moccasin is heavily wounded.
You feel very sick.
The kobold throws a stone.
The stone misses you. The water moccasin misses you.
You barely miss the water moccasin.
The water moccasin is heavily wounded.
You feel very sick. The water moccasin closely misses you.
The water moccasin bites you but does no damage.
The kobold closely misses you.
You miss the water moccasin.
The water moccasin is heavily wounded.
You barely miss the kobold.
You feel very sick. The water moccasin bites you.
* * * LOW HITPOINT WARNING * * *
The kobold hits you but does no damage. The water moccasin barely misses you.
You barely miss the water moccasin.
The water moccasin is heavily wounded.
You closely miss the kobold.
You feel sick.
The water moccasin bites you but does no damage.
The kobold hits you but does no damage.
You hit the water moccasin but do no damage.
The water moccasin is heavily wounded.
You hit the kobold. You burn the kobold.
You kill the kobold!
You feel sick.
The water moccasin barely misses you. x2
You slash the water moccasin! You burn the water moccasin.
The water moccasin is almost dead.
You feel sick. The water moccasin bites you.
* * * LOW HITPOINT WARNING * * *
The water moccasin closely misses you.
Unknown command.
You hit the water moccasin but do no damage.
The water moccasin is almost dead.
You feel sick. The water moccasin closely misses you.
You closely miss the water moccasin.
The water moccasin is almost dead.
You feel sick. The water moccasin bites you.
You die...

######### ## ##########.......#
#. ...#.............# #.
.....####.####...###############.
.....##.....##...................
.....#.......#...####.....######.
^....#.......#...# #......<.....
........._.....)@#........###....
...#.#.......#..S......(......###
##.#.#.......#.##...........# #
#...##.....##..............#####
###.####.####.# ..............†.
#...........# ..........#.###.
####.......# ..........#.....
#.......# ....... ..#.##.#
#.......### #.#.##.#


You could see a water moccasin.

Vanquished Creatures
  2 orc priests (D:3)
  3 adders (D:2)
  A worm (D:2)
  5 dart slugs
  4 orcs (D:3)
  6 ball pythons
  5 bats
  4 endoplasms
  A goblin (D:1)
  3 hobgoblins
  10 jackals
  4 quokkas
  8 frilled lizards
  5 kobolds
  A rat (D:1)
62 creatures vanquished.

Notes
Turn   | Place    | Note
-------+----------+-------------------------------------------
     0 | D:1      | IdlyInterested the Demonspawn Wanderer began the quest for
                  | the Orb.
     0 | D:1      | IdlyInterested set off with the following items: a +2 short
                  | sword, a +0 hand axe, a wand of polymorph (3), a potion of
                  | lignification, a +0 leather armour.
     0 | D:1      | Reached XP level 1. HP: 13/13 MP: 1/1
   210 | D:1      | Reached skill level 1 in Fighting
   405 | D:1      | Reached skill level 1 in Dodging
   405 | D:1      | Gained mutation: You sometimes gain a little power by
                  | taking damage. [demonic ancestry]
   405 | D:1      | Reached XP level 2. HP: 21/21 MP: 2/2
  1312 | D:2      | Reached XP level 3. HP: 27/27 MP: 3/3
  1317 | D:2      | Reached skill level 1 in Stealth
  1440 | D:2      | Noticed a floating eye
  1445 | D:2      | Found a faded altar of an unknown god.
  1447 | D:2      | Noticed a floating eye
  1454 | D:2      | Noticed a shining eye
  1474 | D:2      | Noticed a shining eye
  1856 | D:2      | Reached XP level 4. HP: 33/34 MP: 4/4
  2112 | D:3      | Reached skill level 1 in Throwing
  2204 | D:3      | Reached XP level 5. HP: 27/42 MP: 5/5
  2517 | D:3      | Found a hazy altar of Hepliaklqana.
  2558 | D:3      | Noticed a water moccasin
  2579 | D:3      | HP: 1/42 [water moccasin (5)]
  2581 | D:3      | Slain by a water moccasin

Illustrated notes

Levels and vault maps discovered:
D:1:      sevenhm_arrival_forest_fort_small_6, layout_loops_ring
D:2:      layout_basic, hellmonk_ecumenical_altar_watching_god
D:3:      layout_rooms, old_standard_altar

Skill      XL: |  1  2  3  4 |
---------------+-------------+-----
Fighting       | 1 2 3 |  3.9
Dodging        | 1 |  1.8
Stealth        | 1 |  1.0
Throwing       | 1 |  1.0
Short Blades   | |  2.6
Axes           | |  2.6
Armour         | |  1.0
Evocations     | |  3.0

Action                   |  1- 3 |  4- 6 || total
-------------------------+-------+-------++-------
Melee: Short sword       |   115 |    47 ||   162
       Hand axe          |       |    57 ||    57
  Use: Scroll            |     3 |     4 ||     7
       Potion            |       |     3 ||     3
 Stab: Sleeping          |     1 |       ||     1
Armor: Leather armour    |    22 |     4 ||    26
       Ring mail         |       |    23 ||    23
Dodge: Dodged            |    68 |   114 ||   182

Table legend: (Time is in decaauts)
 A = Elapsed time spent in this place.
 B = Non-inter-level travel time spent in this place.
 C = Inter-level travel time spent in this place.
 D = Time resting spent in this place.
 E = Time spent auto-exploring this place.
 F = Levels seen in this place.
 G = Mean time per level.
                   A        B        C        D        E       F      G
               +--------+--------+--------+--------+--------+-----+--------+
         Total |   2569 |   2415 |    154 |    402 |   1433 |   3 |  856.3 |
       Dungeon |   2569 |   2415 |    154 |    402 |   1433 |   3 |  856.3 |
               +--------+--------+--------+--------+--------+-----+--------+

Top non-repeatable levels by time:
     D:1: 1180 daAuts
     D:2: 920 daAuts
     D:3: 468 daAuts
